 Dungeon Crawl Stone Soup version 0.22-a0-231-g1b571ea (webtiles) character file.

1382 RoseArtemis the Cleaver (level 8, -6/71 HPs)
             Began as a Minotaur Fighter on Feb 20, 2018.
             Was a Believer of Trog.
             Mangled by a large abomination (22 damage)
             ... on level 2 of the Abyss.
             The game lasted 00:21:43 (6639 turns).

RoseArtemis the Cleaver (Minotaur Fighter)          Turns: 6639, Time: 00:21:44

Health: -6/71      AC: 10    Str: 21    XL:     8   Next: 40%
Magic:  7/7        EV:  8    Int:  5    God:    Trog [**....]
Gold:   295        SH: 10    Dex: 12    Spells: 7/7 levels left

rFire    + . .     SeeInvis .   a - +0 war axe
rCold    . . .     Gourm    .   c - +0 shield
rNeg     . . .     Faith    .   D - +4 ring mail of Resonance {rF+}
rPois    .         Spirit   .   (helmet restricted)
rElec    .         Reflect  .   (no cloak)
rCorr    .         Harm     .   (no gloves)
MR       .....                  (no boots)
Stlth    +.........             (no amulet)
HPRegen  0.21/turn              (no ring)
MPRegen  0.10/turn              (no ring)

@: no status effects
A: retaliatory headbutt, horns 2
a: Berserk, Trog's Hand, Renounce Religion


You were on level 2 of the Abyss.
You worshipped Trog.
Trog was pleased with you.
You were not hungry.

You visited 2 branches of the dungeon, and saw 7 of its levels.
You visited the Abyss 1 time.

You collected 295 gold pieces.

Inventory:

Hand Weapons
 a - a +0 war axe (weapon)
 g - a +1 hunting sling of flaming
 q - a +0 war axe
 y - a +0 battleaxe
Missiles
 k - 29 sling bullets
Armour
 c - a +0 shield (worn)
 n - a +0 large shield
 B - a +0 plate armour
 D - the +4 ring mail of Resonance (worn) {rF+}
   (You found it on level 6 of the Dungeon)

   It protects you from fire.
Jewellery
 b - a +5 amulet of reflection {unknown}
 l - a +6 ring of evasion {unknown}
 x - an uncursed amulet of regeneration {unknown}
Wands
 u - a wand of flame (30)
Scrolls
 e - a scroll of remove curse {unknown}
 h - 3 scrolls of magic mapping
 j - 3 scrolls of teleportation
 o - 2 scrolls of enchant weapon
 p - a scroll of identify
 r - 2 scrolls of fog
 s - a scroll of blinking {unknown}
 v - a scroll of fear {unknown}
Potions
 d - a potion of might
 i - 2 potions of agility {unknown}
 m - 4 potions of curing
 t - a potion of cancellation {unknown}
 w - a potion of invisibility {unknown}
 A - 2 potions of flight {unknown}
Comestibles
 f - 10 rations


   Skills:
 + Level 6.6 Fighting
 * Level 8.3 Axes
 + Level 4.4 Slings
 + Level 5.6 Armour
 - Level 5.0 Shields


You had 7 spell levels left.
You didn't know any spells.

Dungeon Overview and Level Annotations

Branches:
Dungeon (6/15)             Temple (1/1) D:5

Altars:
Cheibriados
Dithmenos
Elyvilon
Fedhas
Makhleb
Nemelex Xobeh
Okawaru
Qazlal
Ru
Sif Muna
Trog
Uskayaw
Vehumet
Xom
Yredelemnul
Zin
The Shining One

Annotations:
D:6 Enish's ghost, novice NaCK


Innate Abilities, Weirdness & Mutations

You reflexively headbutt those who attack you in melee.
You have a pair of horns on your head.


Message History

You headbutt the large abomination.
The large abomination is moderately damaged.
You block the large abomination's attack.
You barely miss the large abomination.
The large abomination is moderately damaged.
The large abomination hits you!!
You block the large abomination's attack.
You barely miss the large abomination. You headbutt the large abomination.
The large abomination is heavily damaged.
The large abomination hits you!!
* * * LOW HITPOINT WARNING * * *
You hit the large abomination but do no damage.
The large abomination is heavily damaged.
The large abomination completely misses you.
A fire dragon zombie comes into view.
You barely miss the large abomination.
The large abomination is heavily damaged.
You block the large abomination's attack.
The large abomination hits you!!
You die...

.#.#. ##. #.
###.... ....
. # ..#....#.
....#.#######
# #.Z........
.# .. #@###
.# ... ##.X.#
# ##.#
#.##......
..##..###.#
##..##
####..#...#
#.# ##
.......# #
..##....##.#
#..##..##..#
# .##.. #...#


You could see a large abomination and a fire dragon zombie.

Vanquished Creatures
  Sigmund (D:5)
  Menkaure (D:5)
  A black bear (D:6)
  A sky beast (D:6)
  A necrophage (D:4)
  A centaur (D:6)
  2 bullfrogs (D:6)
  2 howler monkeys
  A crimson imp (D:6)
  4 hounds
  A jelly (D:6)
  2 bullfrog skeletons
  Terence (D:3)
  Natasha (D:2)
  2 worker ants
  Robin (D:3)
  8 adders
  A shadow imp (D:5)
  An adder zombie (D:6)
  An adder skeleton (D:4)
  A worm (D:2)
  2 dart slugs
  5 leopard geckos
  17 orcs
  7 bats
  6 giant cockroaches
  15 goblins
  12 hobgoblins
  5 jackals
  5 quokkas (D:4)
  11 frilled lizards
  3 kobolds (D:2)
  A leopard gecko skeleton (D:4)
  A leopard gecko zombie (D:5)
  A quokka skeleton (D:6)
  6 rats
132 creatures vanquished.

Notes
Turn   | Place    | Note
-------+----------+-------------------------------------------
     0 | D:1      | RoseArtemis the Minotaur Fighter began the quest for the Orb.
     0 | D:1      | Reached XP level 1. HP: 19/19 MP: 0/0
   242 | D:1      | Reached skill level 3 in Axes
   242 | D:1      | Reached XP level 2. HP: 27/27 MP: 1/1
   977 | D:2      | Noticed Natasha
   981 | D:2      | Killed Natasha
   981 | D:2      | Reached XP level 3. HP: 33/33 MP: 2/2
   991 | D:2      | Reached skill level 4 in Axes
  1106 | D:2      | Reached XP level 4. HP: 40/40 MP: 3/3
  1187 | D:2      | Found a shadowy altar of Dithmenos.
  1588 | D:2      | Reached skill level 1 in Slings
  1754 | D:3      | Found a bloodstained altar of Trog.
  1769 | D:3      | Became a worshipper of Trog the Wrathful
  1939 | D:3      | Found a blossoming altar of Fedhas.
  2239 | D:3      | Reached XP level 5. HP: 47/47 MP: 4/4
  2261 | D:3      | Noticed Robin
  2286 | D:3      | Killed Robin
  2420 | D:3      | Noticed Terence
  2437 | D:3      | Killed Terence
  2461 | D:3      | Found an iron altar of Okawaru.
  2586 | D:4      | Reached skill level 5 in Axes
  2599 | D:4      | Reached * piety under Trog
  3016 | D:4      | Reached XP level 6. HP: 42/55 MP: 5/5
  3139 | D:4      | Reached skill level 5 in Fighting
  3139 | D:4      | Reached skill level 5 in Armour
  3864 | D:5      | Entered Level 5 of the Dungeon
  3871 | D:5      | Reached skill level 6 in Axes
  4160 | D:5      | Found a staircase to the Ecumenical Temple.
  4212 | D:5      | Noticed Menkaure
  4224 | D:5      | Killed Menkaure
  4224 | D:5      | Reached XP level 7. HP: 11/61 MP: 6/6
  4640 | D:5      | Noticed Sigmund
  4647 | D:5      | Killed Sigmund
  4649 | D:5      | Reached skill level 7 in Axes
  4875 | Temple   | Entered the Ecumenical Temple
  5091 | D:6      | Reached ** piety under Trog
  5213 | D:6      | Reached skill level 5 in Shields
  5227 | D:6      | Reached XP level 8. HP: 70/70 MP: 7/7
  5271 | D:6      | Noticed Enish's ghost (novice NaCK)
  5854 | D:6      | Reached skill level 8 in Axes
  5900 | D:6      | Got a transparent ring mail
  5903 | D:6      | Identified the +4 ring mail of Resonance {rF+} (You found it on level 6 of the Dungeon)
  6267 | D:6      | Found a deep blue altar of Sif Muna.
  6574 | D:6      | Cast into level 2 of the Abyss (Enish's ghost)
  6574 | Abyss:2  | Found a corrupted altar of Lugonu.
  6631 | Abyss:2  | Noticed a large abomination
  6639 | Abyss:2  | Mangled by a large abomination

Vault maps used:
D:1:      lightli_arrival_maybe_door_vault, minmay_lizard_pond
D:2:      lemuel_crystal_altar, minmay_randomly_rotated_circles, uniq_natasha
D:3:      nicolae_overflow_crystal_walls, overflow_temple_1_default,
          lemuel_coloured_pillars_altar, first_ration, uniq_terence, uniq_robin
D:5:      minmay_temple_entry_overgrown, minmay_stone_trees_medium,
          minmay_misc_feat_tiny, uniq_menkaure, uniq_sigmund
D:6:      led_sif_pool
Temple:   nicolae_temple_x_marks_the_god

Skill      XL: |  1  2  3  4  5  6  7  8 |
---------------+-------------------------+-----
Axes           | 3 4 5 6 7 8 |  8.3
Fighting       | 4 5 6 |  6.6
Armour         | 4 5 |  5.6
Slings         | 1 2 3 4 |  4.4
Shields        | 4 5 |  5.0

Action                   |  1- 3 |  4- 6 |  7- 9 || total
-------------------------+-------+-------+-------++-------
Melee: War axe           |    74 |   178 |    96 ||   348
       Headbutt          |     4 |    30 |    18 ||    52
 Fire: Hunting sling     |       |    22 |    20 ||    42
Evoke: Wand              |       |       |     2 ||     2
  Use: Scroll            |     2 |     6 |     3 ||    11
       Potion            |       |     1 |       ||     1
  Eat: Chunk             |     1 |     9 |     3 ||    13
       Ration            |       |       |     2 ||     2
Armor: Scale mail        |    24 |    62 |    17 ||   103
       Ring mail         |       |       |    17 ||    17
Dodge: Dodged            |    26 |    47 |    28 ||   101
Block: Shield            |    35 |    88 |    51 ||   174

Table legend:
 A = Spawn XP
 B = Non-spawn XP
 C = Spawn XP percentage of total XP
 D = Spawn monster count
 E = Non-spawn monster count
 F = Spawn count percentage of total count
 G = Total turns spent on level
                    A         B        C        D         E        F      G
               +---------+---------+-------+---------+---------+-------+---------
         Total |       0 |    1975 |   0.0 |       0 |     132 |   0.0 |  6639
               +---------+---------+-------+---------+---------+-------+---------
           D:1 |       0 |      35 |   0.0 |       0 |      23 |   0.0 |   892
           D:2 |       0 |     118 |   0.0 |       0 |      26 |   0.0 |   764
           D:3 |       0 |     119 |   0.0 |       0 |      29 |   0.0 |   921
           D:4 |       0 |     314 |   0.0 |       0 |      22 |   0.0 |  1287
           D:5 |       0 |     538 |   0.0 |       0 |       9 |   0.0 |  1243
           D:6 |       0 |     851 |   0.0 |       0 |      23 |   0.0 |  1408
               +---------+---------+-------+---------+---------+-------+---------
